 Dungeon Crawl Stone Soup version 0.26-a0-52-gd53d4cd (webtiles) character file.

Game seed: 9512718528281370505

179 Belboz the Chopper (level 5, -7/47 HPs)
             Began as a Hill Orc Monk on June 6, 2020.
             Mangled by Menkaure (15 damage)
             ... on level 4 of the Dungeon.
             The game lasted 00:05:58 (3943 turns).

Belboz the Chopper (Hill Orc Monk)                  Turns: 3943, Time: 00:05:59

Health: -7/47      AC:  7    Str: 15    XL:     5   Next: 59%
Magic:  5/5        EV: 12    Int: 10    God:
Gold:   162        SH:  0    Dex: 13    Spells: 4/4 levels left

rFire    . . .     SeeInvis .   b - +0 whip (elec)
rCold    . . .     Gourm    .   (no shield)
rNeg     . . .     Faith    .   s - +2 ring mail {rPois}
rPois    +         Spirit   .   (no helmet)
rElec    .         Reflect  .   (no cloak)
rCorr    .         Harm     .   (no gloves)
MR       .....                  (no boots)
Stlth    +.........             (no amulet)
HPRegen  0.15/turn              (no ring)
MPRegen  0.09/turn              (no ring)

@: lightly drained
A: no striking features
a: no special abilities


You were on level 4 of the Dungeon.
You were hungry.

You visited 1 branch of the dungeon, and saw 4 of its levels.

You collected 162 gold pieces.

Inventory:

Hand Weapons
 a - a +0 hand axe
 b - a +0 whip of electrocution (weapon)
Missiles
 d - 135 stones (quivered)
 e - 10 poisoned darts
 h - 26 arrows
Armour
 s - a +2 ring mail of poison resistance (worn)
Scrolls
 i - 2 scrolls of enchant armour {unknown}
 j - 3 scrolls of identify {unknown}
 k - 4 scrolls of teleportation {unknown}
 l - a scroll of noise {unknown}
 o - a scroll of blinking {unknown}
 r - a scroll of remove curse {unknown}
Potions
 f - a potion of degeneration {unknown}
 g - a potion of ambrosia {unknown}
 m - a potion of berserk rage {unknown}
 n - a potion of resistance {unknown}
 p - a potion of experience {unknown}
 q - a potion of flight {unknown}
Comestibles
 c - 5 rations


   Skills:
 + Level 4.7(4.6) Fighting
 - Level 6.0(5.9) Axes
 * Level 0.1(2.9) Maces & Flails
 + Level 2.1(2.0) Armour
 - Level 3.0(2.9) Dodging
 - Level 1.5(1.4) Stealth


You had 4 spell levels left.
You didn't know any spells.
Your spell library was empty.

Dungeon Overview and Level Annotations

Branches:
Dungeon (4/15)
 Temple: D:4-7

Altars:
Gozag
Sif Muna

Annotations:
D:4 Menkaure


Message History

You completely miss the adder.
The adder is almost dead.
Menkaure calls on the powers of darkness!
Your body is wracked with pain!
* * * LOW HITPOINT WARNING * * *
The adder bites you but does no damage.
Menkaure grins.
You barely miss the adder.
The adder is almost dead.
The adder closely misses you. x2
You hit the adder but do no damage.
The adder is almost dead.
The adder completely misses you.
You hit the adder.
You kill the adder!
Menkaure breathes soot at you.
You hit Menkaure. Lightning courses through Menkaure!
Menkaure is almost destroyed.
Menkaure hits you!
You die...

###.......#
#..####.# #
######.......##### #
#.................
#.#.#.#..###########
#.#.#.#..#### ####
#..>......... ....
###.#....#### ###
#@M...## # ###...#
#### ###.# #... .#
#... .#########...
.?...........
#########... #...
###.


You could see Menkaure (fast).

Vanquished Creatures
  A howler monkey skeleton (D:4)
  3 gnolls (D:3)
  6 adders
  3 worms
  2 dart slugs
  4 leopard geckos
  5 orcs (D:3)
  3 bats
  3 giant cockroaches
  8 goblins
  8 hobgoblins
  4 jackals
  6 kobolds (D:1)
  A ball python skeleton (D:4)
  4 frilled lizards
  9 rats
70 creatures vanquished.

Notes
Turn   | Place    | Note
-------+----------+-------------------------------------------
     0 | D:1      | Belboz the Hill Orc Monk began the quest for the Orb.
     0 | D:1      | Reached XP level 1. HP: 19/19 MP: 1/1
   371 | D:1      | Reached XP level 2. HP: 20/27 MP: 2/2
   835 | D:1      | Reached XP level 3. HP: 30/33 MP: 3/3
  1275 | D:2      | Reached skill level 5 in Axes
  1325 | D:2      | Reached skill level 1 in Armour
  1777 | D:2      | Reached XP level 4. HP: 40/40 MP: 4/4
  1785 | D:2      | Found an opulent altar of Gozag.
  1820 | D:2      | Found a shimmering blue altar of Sif Muna.
  2961 | D:3      | Reached XP level 5. HP: 15/47 MP: 5/5
  3859 | D:4      | Reached skill level 6 in Axes
  3925 | D:4      | Noticed Menkaure
  3943 | D:4      | Mangled by Menkaure

Illustrated notes

Levels and vault maps discovered:
D:1:      dpeg_arrival_snail, layout_basic
D:2:      layout_loops_corners, lemuel_doored_altar, grunt_gozag_breadcrumbs
D:3:      layout_basic, first_ration, minivault_11, minmay_bisected
D:4:      layout_basic, uniq_menkaure

Skill      XL: |  1  2  3  4  5 |
---------------+----------------+-----
Fighting       | 4 |  4.7
Axes           | 5 6 |  6.0
Armour         | 1 2 |  2.1
Dodging        | 3 |  3.0
Maces & Flails | |  0.1
Stealth        | |  1.5

Action                   |  1- 3 |  4- 6 || total
-------------------------+-------+-------++-------
Melee: Hand axe          |   139 |    37 ||   176
       Whip              |       |   104 ||   104
 Stab: Sleeping          |     1 |       ||     1
  Eat: Chunk             |     3 |     6 ||     9
Armor: Robe              |     9 |       ||     9
       Chain mail        |    62 |     8 ||    70
       Ring mail         |       |    47 ||    47
Dodge: Dodged            |    56 |    73 ||   129

Table legend:
 A = Non-vault XP
 B = Vault XP
 C = Vault XP percentage of total XP
 D = Non-vault monster count
 E = Vault monster count
 F = Vault count percentage of total count
                 A         B        C        D         E       F
            +---------+---------+-------+---------+---------+-------
      Total |     251 |       5 |   2.0 |      68 |       2 |   2.9
            +---------+---------+-------+---------+---------+-------
        D:1 |      45 |       0 |   0.0 |      24 |       0 |   0.0
        D:2 |      44 |       0 |   0.0 |      16 |       0 |   0.0
        D:3 |     138 |       5 |   3.5 |      25 |       2 |   7.4
        D:4 |      24 |       0 |   0.0 |       3 |       0 |   0.0
            +---------+---------+-------+---------+---------+-------
